 Dungeon Crawl Stone Soup version 0.17.1-1-g73c8601 (webtiles) character file.

542 sugabear the Shield-Bearer (level 7, 0/37 HPs)
             Began as a Vine Stalker Fighter on Dec 20, 2015.
             Was a Follower of Okawaru.
             Slain by MetaCosm's ghost (2 damage)
             ... on level 5 of the Dungeon.
             The game lasted 00:05:30 (3463 turns).

sugabear the Shield-Bearer (Vine Stalker Fighter)   Turns: 3463, Time: 00:05:30

Health: 0/37       AC:  6    Str: 20    XL:     7   Next: 27%
Magic:  0/9        EV:  1    Int:  8    God:    Okawaru [*.....]
Gold:   85         SH:  8    Dex: 14    Spells: 0 memorised, 6 levels left

rFire  . . .     SeeInvis .     z - +2 flail (crush)
rCold  . . .     Clarity  .     b - +0 scale mail
rNeg   . . .     SustAt   .     c - +0 shield
rPois  .         Gourm    .     (no helmet)
rElec  .         Spirit   +     (no cloak)
rCorr  .         Warding  .     (no gloves)
rMut   .         Stasis   .     (no boots)
MR     .....                    (no amulet)
Stlth  ..........               (no ring)
                                (no ring)

@: heavily drained, not resistant to hostile enchantments, extremely unstealthy
A: fangs 2, regeneration 2, magic shield, antimagic bite, no device heal 3, rot
immunity
a: Heroism, Renounce Religion


You were on level 5 of the Dungeon.
You worshipped Okawaru.
Okawaru was aware of your devotion.
You were hungry.

You visited 2 branches of the dungeon, and saw 6 of its levels.

You collected 85 gold pieces.

Inventory:

Hand Weapons
 p - a +0 hand axe of flaming
 z - a +2 flail of crushing (weapon)
Armour
 b - a +0 scale mail (worn)
 c - a +0 shield (worn)
 m - a +2 chain mail of positive energy
 r - a +2 shield
 A - a +1 ring mail of positive energy
Jewellery
 s - an uncursed amulet of resist corrosion {unknown}
Scrolls
 h - 2 scrolls of enchant armour {unknown}
 i - 2 scrolls of remove curse {unknown}
 j - 2 scrolls of fear {unknown}
 k - a scroll of recharging {unknown}
 l - 8 scrolls of identify {unknown}
 w - a scroll of random uselessness {unknown}
Potions
 a - a potion of experience {unknown}
 d - a potion of might
 f - 3 potions of degeneration {unknown}
 g - 3 potions of heal wounds {unknown}
 n - a potion of curing {unknown}
 o - 2 potions of resistance {unknown}
 u - 2 potions of poison {unknown}
 x - a potion of berserk rage {unknown}
Books
 v - a book of Battle

   Spells                             Type                      Level
   a - Infusion                       Charms                       1
   b - Shroud of Golubria             Charms/Translocation         2
   c - Song of Slaying                Charms                       2
   d - Spectral Weapon                Hexes/Charms                 3
   e - Regeneration                   Charms/Necromancy            3
 y - a book of Minor Magic

   Spells                             Type                      Level
   a - Magic Dart                     Conjuration                  1
   b - Blink                          Translocation                2
   c - Call Imp                       Summoning                    2
   d - Repel Missiles                 Charms/Air                   2
   e - Slow                           Hexes                        2
   f - Conjure Flame                  Conjuration/Fire             3
   g - Mephitic Cloud                 Conjuration/Poison/Air       3
Comestibles
 e - 2 bread rations
 q - a beef jerky
 t - 4 meat rations


   Skills:
 + Level 3.7(1.0) Fighting
 + Level 2.9(0.2) Maces & Flails
 + Level 3.9(1.2) Armour
 + Level 2.0(0.0) Dodging
 + Level 0.3(0.0) Stealth
 + Level 4.3(1.5) Shields
 * Level 1.5(0.0) Invocations


You had 6 spell levels left.
You didn't know any spells.

Dungeon Overview and Level Annotations

Branches:
Dungeon (5/15)             Temple (1/1) D:4

Altars:
Cheibriados
Dithmenos
Elyvilon
Fedhas
Makhleb
Nemelex Xobeh
Okawaru
Qazlal
Ru
Trog
Vehumet
Xom
Yredelemnul
Zin
The Shining One

Shops:
D:4 :

Annotations:
D:5 MetaCosm's ghost, amateur DDBe


Innate Abilities, Weirdness & Mutations

You have extremely sharp teeth.
You heal very quickly.
When hurt, damage is shared between your health and your magic reserves.
Your bite disrupts and absorbs the magic of your enemies.
Potions and wands cannot restore your health.
You are immune to rotting.


Message History

You feel drained.
You sock MetaCosm's ghost!
MetaCosm's ghost is almost destroyed.
MetaCosm's ghost hits you!
You feel drained.
You closely miss MetaCosm's ghost.
MetaCosm's ghost is almost destroyed.
MetaCosm's ghost hits you but does no damage.
You feel drained. MetaCosm's ghost hits you.
* * * LOW HITPOINT WARNING * * *
You feel drained.
* * * LOW HITPOINT WARNING * * *
You hit MetaCosm's ghost. Your bite misses MetaCosm's ghost.
MetaCosm's ghost is almost destroyed.
MetaCosm's ghost hits you!
* * * LOW HITPOINT WARNING * * *
You feel drained.
* * * LOW HITPOINT WARNING * * *
Unknown command.
MetaCosm's ghost hits you.
You die...

#..###............#
.....#######>......# ##
#............^..# ####
######.........# #...
#..........###... .
##.##............. ...
#..##.............
.....##W####.########...
#...@# #.# #...
.............# #.<.
#########..### ####
..### ###########....#
..%....<.....#.#
###..............
########..##### .##


You could see MetaCosm's ghost.

Vanquished Creatures
  Edmund (D:4)
  An ogre (D:3)
  2 crimson imps
  An orc priest (D:4)
  Jessica (D:3)
  Terence (D:2)
  A worker ant (D:5)
  7 adders
  An adder skeleton (D:4)
  2 worms
  2 giant geckos
  13 orcs
  2 ball pythons (D:1)
  3 giant cockroaches
  13 hobgoblins
  7 bats
  3 giant newts
  3 goblins
  10 jackals
  7 kobolds
  7 rats
88 creatures vanquished.

Notes
Turn   | Place    | Note
--------------------------------------------------------------
     0 | D:1      | sugabear the Vine Stalker Fighter began the quest for the Orb.
     0 | D:1      | Reached XP level 1. HP: 11/11 MP: 2/2
   202 | D:1      | Reached XP level 2. HP: 14/16 MP: 3/3
   283 | D:1      | Reached skill level 3 in Fighting
   440 | D:1      | Reached XP level 3. HP: 20/20 MP: 4/4
   758 | D:2      | Noticed Terence
   829 | D:2      | Killed Terence
   838 | D:2      | Reached XP level 4. HP: 6/24 MP: 5/5
  1010 | D:2      | Found a stormy altar of Qazlal.
  1251 | D:2      | Found a glowing golden altar of the Shining One.
  1411 | D:3      | Noticed Jessica
  1414 | D:3      | Killed Jessica
  1415 | D:3      | Reached XP level 5. HP: 28/28 MP: 6/6
  1682 | D:3      | Reached skill level 1 in Dodging
  1745 | D:3      | Noticed an ogre
  1757 | D:3      | Killed an ogre
  1757 | D:3      | Gained mutation: You heal very quickly. [Vine Stalker growth]
  1757 | D:3      | Reached XP level 6. HP: 24/32 MP: 7/7
  1853 | D:3      | Found an iron altar of Okawaru.
  1917 | D:3      | Became a worshipper of Warmaster Okawaru
  2095 | D:4      | Found a burning altar of Makhleb.
  2095 | D:4      | Noticed a blizzard demon
  2098 | D:4      | Found a staircase to the Ecumenical Temple.
  2113 | Temple   | Entered the Ecumenical Temple
  2435 | D:4      | Reached skill level 4 in Shields
  2614 | D:4      | Found Pujap's Book Emporium.
  2876 | D:4      | Found a sacrificial altar of Ru.
  3148 | D:5      | Entered Level 5 of the Dungeon
  3267 | D:5      | Noticed Edmund
  3316 | D:4      | Killed Edmund
  3316 | D:4      | Reached * piety under Okawaru
  3316 | D:4      | Reached skill level 1 in Invocations
  3316 | D:4      | Reached XP level 7. HP: 10/37 MP: 6/9
  3429 | D:5      | Noticed MetaCosm's ghost (amateur DDBe)
  3462 | D:5      | HP: 1/37 [MetaCosm's ghost (3)]
  3463 | D:5      | Slain by MetaCosm's ghost

Action                   |  1- 3 |  4- 6 |  7- 9 || total
-------------------------+-------+-------+-------++-------
Melee: Flail             |    64 |   202 |    23 ||   289
  Use: Potion            |       |     1 |       ||     1
  Eat: Chunk             |       |     8 |       ||     8
